 Dungeon Sprint DCSS version 0.26.1-11-gd32895ea62 (webtiles) character file.

Game seed: 14653847888991637150

1015 Zeld the Thaumaturge (level 8, -1/64 HPs)
             Began as a Gnoll Earth Elementalist on June 13, 2021.
             Was a Follower of Sif Muna.
             Slain by a deep troll (10 damage)
             ... in the Dungeon (Sprint I: "Red Sonja").
             The game lasted 00:02:18 (2058 turns).

Zeld the Thaumaturge (Gnoll Earth Elementalist)     Turns: 2058, Time: 00:02:19

Health: -1/64      AC:  5    Str: 10    XL:     8   Next: 21%
Magic:  0/20       EV: 17    Int: 20    God:    Sif Muna [*.....]
Gold:   480        SH:  0    Dex: 16    Spells: 8/23 levels left

rFire    . . .     SeeInvis .     - Unarmed
rCold    . . .     Faith    .   (no shield)
rNeg     . . .     Spirit   .   c - +0 robe
rPois    .         Reflect  .   l - +2 helmet
rElec    .         Harm     .   (no cloak)
rCorr    .         Rampage  .   (no gloves)
Will     .....     NoTele   +   (no boots)
Stlth    ++++......             k - amulet of the acrobat
HPRegen  0.20/turn              (no ring)
MPRegen  0.17/turn              (no ring)

@: no status effects
A: distributed training, fangs 1, strong nose
a: Renounce Religion, Channel Magic


You were in the Dungeon.
You worshipped Sif Muna.
Sif Muna was aware of your devotion.
You visited 1 branch You collected 661 gold pieces.
You spent 181 gold pieces at shops.

Inventory:

Missiles
 b - 6 stones (quivered)
Armour
 c - a +0 robe (worn)
 l - a +2 helmet (worn)
Jewellery
 k - an amulet of the acrobat (around neck)
Wands
 a - a wand of polymorph (6)
 m - a wand of flame (7)
Scrolls
 i - a scroll of blinking
 j - a scroll of identify {unknown}
Potions
 d - 3 potions of curing
 e - a potion of heal wounds
 f - a potion of haste
 g - 2 potions of magic
 h - a potion of berserk rage


   Skills:
 + Level 6.2 Fighting
 + Level 6.2 Short Blades
 + Level 6.2 Long Blades
 + Level 6.2 Axes
 + Level 6.2 Maces & Flails
 + Level 6.2 Polearms
 + Level 6.2 Staves
 + Level 6.2 Slings
 + Level 6.2 Bows
 + Level 6.2 Crossbows
 + Level 6.2 Throwing
 + Level 6.2 Armour
 + Level 7.8 Dodging
 + Level 7.6 Stealth
 + Level 6.2 Shields
 + Level 6.2 Unarmed Combat
 + Level 8.1 Spellcasting
 + Level 5.2 Conjurations
 + Level 5.2 Hexes
 + Level 5.2 Summonings
 + Level 5.2 Necromancy
 + Level 5.2 Translocations
 + Level 5.6 Transmutations
 + Level 5.2 Fire Magic
 + Level 5.2 Ice Magic
 + Level 5.2 Air Magic
 + Level 7.6 Earth Magic
 + Level 5.2 Poison Magic
 + Level 6.9 Invocations
 + Level 6.2 Evocations


You had 8 spell levels left.
You knew the following spells:

 Your Spells              Type           Power        Failure   Level
a - Sandblast             Erth           76%          1%          1
b - Passwall              Tmut/Erth      28%          1%          2
c - Stone Arrow           Conj/Erth      66%          1%          3
d - Petrify               Tmut/Erth      34%          5%          4
e - Lee's Rapid Deconstr  Erth           19%          10%         5

Your spell library contained the following spells:

 Spells                   Type           Power        Failure   Level


Dungeon Overview and Level Annotations

Branches:
Dungeon (1/1)

Altars:
Cheibriados
Dithmenos
Elyvilon
Fedhas
Gozag
Hepliaklqana
Kikubaaqudgha
Nemelex Xobeh
Okawaru
Qazlal
Ru
Sif Muna
Trog
Uskayaw
Vehumet
Wu Jian
Yredelemnul
Zin
The Shining One

Shops:
D [


Innate Abilities, Weirdness & Mutations

Your experience applies equally to all skills.
You have very sharp teeth.
Your uncanny sense of smell can sniff out nearby items.


Message History

You don't have enough magic to cast that spell.
The deep troll completely misses you. x2; The deep troll closely misses you.
There is an open door here.
You see here a +0 giant club.
Okay, then.
Press: ? - help, v - describe, . - travel
Here: a deep troll (heavily wounded)
An open door.
Casting: Sandblast (safe; 1% risk of failure)
Confirm with . or Enter, or press ? or * to list all spells.
Aiming: Sandblast (safe; 1% risk of failure)
Press: ? - help, Shift-Dir - straight line, f/p - deep troll
Aim: a deep troll (heavily wounded, 18% to evade)
The blast of sand hits the deep troll.
The deep troll is heavily wounded.
b - 6 stones The deep troll bites you!!
* * * LOW HITPOINT WARNING * * *
The deep troll claws you!
You die...

################
#<.#.@T..#..'..# ∆∆
#..[..#..'[.#..+ ∆∆
#..#####'#####'#
#..####..#.).#.# ∆∆
#..#__####..##)#
#..#_____##'#_.+
#⌠⌠#_.∩...'.(._#
####_..__##_.#'#
#..#_____###(#.#∆∆∆∆


You could see a deep troll.

Vanquished Creatures
  Sonja (D)
  Sigmund (D)
  A yak (D)
  An ogre (D)
  A jelly (D)
  Ijyb (D)
  A ballistomycete spore (D)
7 creatures vanquished.

Vanquished Creatures (others)
  A gargoyle (D)
  A ballistomycete spore (D)
2 creatures vanquished.

Grand Total: 9 creatures vanquished

Notes
Turn   | Place    | Note
-------+----------+-------------------------------------------
     0 | D        | Zeld the Gnoll Earth Elementalist began the quest for the
                  | Orb.
     0 | D        | Reached XP level 1. HP: 13/13 MP: 6/6
     2 | D        | Noticed Ijyb
    15 | D        | Killed Ijyb
    16 | D        | Reached skill level 1 in Fighting
    16 | D        | Reached skill level 1 in Short Blades
    16 | D        | Reached skill level 1 in Long Blades
    16 | D        | Reached skill level 1 in Axes
    16 | D        | Reached skill level 1 in Maces & Flails
    16 | D        | Reached skill level 1 in Polearms
    16 | D        | Reached skill level 1 in Staves
    16 | D        | Reached skill level 1 in Slings
    16 | D        | Reached skill level 1 in Bows
    16 | D        | Reached skill level 1 in Crossbows
    16 | D        | Reached skill level 1 in Throwing
    16 | D        | Reached skill level 1 in Armour
    16 | D        | Reached skill level 1 in Shields
    16 | D        | Reached skill level 1 in Unarmed Combat
    16 | D        | Reached skill level 5 in Spellcasting
    16 | D        | Reached skill level 1 in Conjurations
    16 | D        | Reached skill level 1 in Hexes
    16 | D        | Reached skill level 1 in Summonings
    16 | D        | Reached skill level 1 in Necromancy
    16 | D        | Reached skill level 1 in Translocations
    16 | D        | Reached skill level 1 in Fire Magic
    16 | D        | Reached skill level 1 in Ice Magic
    16 | D        | Reached skill level 1 in Air Magic
    16 | D        | Reached skill level 1 in Poison Magic
    16 | D        | Reached skill level 1 in Evocations
    16 | D        | Reached XP level 2. HP: 19/22 MP: 1/8
    16 | D        | Reached XP level 3. HP: 24/27 MP: 1/9
    92 | D        | Learned a level 2 spell: Passwall
    96 | D        | Learned a level 3 spell: Stone Arrow
   533 | D        | Noticed an ogre
   536 | D        | Killed an ogre
   537 | D        | Reached skill level 5 in Dodging
   537 | D        | Reached skill level 5 in Stealth
   537 | D        | Reached XP level 4. HP: 35/35 MP: 6/11
   542 | D        | Learned a level 4 spell: Petrify
   745 | D        | Noticed Sigmund
   748 | D        | Killed Sigmund
   749 | D        | Reached skill level 6 in Spellcasting
   749 | D        | Reached XP level 5. HP: 42/42 MP: 9/14
   749 | D        | Reached XP level 6. HP: 48/48 MP: 9/15
   755 | D        | Learned a level 5 spell: Lee's Rapid Deconstruction
   834 | D        | Killed a gargoyle
   995 | D        | Found an ornate altar of the Wu Jian Council.
   995 | D        | Found a shimmering blue altar of Sif Muna.
   997 | D        | Found a radiant altar of Vehumet.
  1002 | D        | Became a worshipper of Sif Muna the Loreminder
  1347 | D        | Found Mucraton's Armour Emporium.
  1347 | D        | Found an ancient bone altar of Kikubaaqudgha.
  1347 | D        | Found a hazy altar of Hepliaklqana.
  1347 | D        | Found a hide-covered altar of Uskayaw.
  1347 | D        | Found a basalt altar of Yredelemnul.
  1347 | D        | Found an opulent altar of Gozag.
  1347 | D        | Found a snail-covered altar of Cheibriados.
  1347 | D        | Found a sacrificial altar of Ru.
  1347 | D        | Found a shadowy altar of Dithmenos.
  1347 | D        | Noticed a yak
  1348 | D        | Found a stormy altar of Qazlal.
  1348 | D        | Found a blossoming altar of Fedhas.
  1348 | D        | Found a bloodstained altar of Trog.
  1348 | D        | Found an iron altar of Okawaru.
  1348 | D        | Found a glowing silver altar of Zin.
  1353 | D        | Killed a yak
  1354 | D        | Reached skill level 5 in Fighting
  1354 | D        | Reached skill level 5 in Short Blades
  1354 | D        | Reached skill level 5 in Long Blades
  1354 | D        | Reached skill level 5 in Axes
  1354 | D        | Reached skill level 5 in Maces & Flails
  1354 | D        | Reached skill level 5 in Polearms
  1354 | D        | Reached skill level 5 in Staves
  1354 | D        | Reached skill level 5 in Slings
  1354 | D        | Reached skill level 5 in Bows
  1354 | D        | Reached skill level 5 in Crossbows
  1354 | D        | Reached skill level 5 in Throwing
  1354 | D        | Reached skill level 5 in Armour
  1354 | D        | Reached skill level 5 in Shields
  1354 | D        | Reached skill level 5 in Unarmed Combat
  1354 | D        | Reached skill level 7 in Spellcasting
  1354 | D        | Reached skill level 5 in Invocations
  1354 | D        | Reached skill level 5 in Evocations
  1354 | D        | Reached XP level 7. HP: 56/56 MP: 3/17
  1355 | D        | Found a glowing golden altar of the Shining One.
  1355 | D        | Found a white marble altar of Elyvilon.
  1357 | D        | Found a sparkling altar of Nemelex Xobeh.
  1445 | D        | Bought a +2 helmet for 181 gold pieces
  1709 | D        | Noticed Sonja
  1718 | D        | Killed Sonja
  1718 | D        | Reached * piety under Sif Muna
  1719 | D        | Reached skill level 8 in Spellcasting
  1719 | D        | Reached skill level 5 in Conjurations
  1719 | D        | Reached skill level 5 in Hexes
  1719 | D        | Reached skill level 5 in Summonings
  1719 | D        | Reached skill level 5 in Necromancy
  1719 | D        | Reached skill level 5 in Translocations
  1719 | D        | Reached skill level 5 in Transmutations
  1719 | D        | Reached skill level 5 in Fire Magic
  1719 | D        | Reached skill level 5 in Ice Magic
  1719 | D        | Reached skill level 5 in Air Magic
  1719 | D        | Reached skill level 5 in Poison Magic
  1719 | D        | Reached XP level 8. HP: 64/64 MP: 0/20
  2033 | D        | Noticed a deep troll
  2058 | D        | Slain by a deep troll

Illustrated notes

Levels and vault maps discovered:
D:        dungeon_sprint_1 [red_sonja_temple_1, red_sonja_temple_small_1]

Skill      XL: |  1  2  3  4  5  6  7 |
---------------+----------------------+-----
Fighting       | 1 3 4 5 6 |  6.2
Short Blades   | 1 3 4 5 6 |  6.2
Long Blades    | 1 3 4 5 6 |  6.2
Axes           | 1 3 4 5 6 |  6.2
Maces & Flails | 1 3 4 5 6 |  6.2
Polearms       | 1 3 4 5 6 |  6.2
Staves         | 1 3 4 5 6 |  6.2
Slings         | 1 3 4 5 6 |  6.2
Bows           | 1 3 4 5 6 |  6.2
Crossbows      | 1 3 4 5 6 |  6.2
Throwing       | 1 3 4 5 6 |  6.2
Armour         | 1 3 4 5 6 |  6.2
Shields        | 1 3 4 5 6 |  6.2
Unarmed Combat | 1 3 4 5 6 |  6.2
Spellcasting   | 5 6 7 8 |  8.1
Conjurations   | 1 2 3 4 5 |  5.2
Hexes          | 1 2 3 4 5 |  5.2
Summonings     | 1 2 3 4 5 |  5.2
Necromancy     | 1 2 3 4 5 |  5.2
Translocations | 1 2 3 4 5 |  5.2
Transmutations | 2 3 4 5 |  5.6
Fire Magic     | 1 2 3 4 5 |  5.2
Ice Magic      | 1 2 3 4 5 |  5.2
Air Magic      | 1 2 3 4 5 |  5.2
Poison Magic   | 1 2 3 4 5 |  5.2
Invocations    | 2 3 4 5 6 |  6.9
Evocations     | 1 3 4 5 6 |  6.2
Dodging        | 5 6 7 |  7.8
Stealth        | 5 6 7 |  7.6
Earth Magic    | 6 7 |  7.6

Action                   |  1- 3 |  4- 6 |  7- 9 || total
-------------------------+-------+-------+-------++-------
Melee: Unarmed           |     5 |       |       ||     5
 Cast: Sandblast         |     9 |     6 |     9 ||    24
       Passwall          |     2 |       |       ||     2
       Stone Arrow       |       |     4 |     4 ||     8
       Lee's Rapid Decon |       |       |     4 ||     4
Dodge: Dodged            |     4 |     2 |    17 ||    23
